Map: Dusk Towers

Players

Mihai - Winner!

  • Race: Terran Terran
  • League: Master

prozAc

  • Race: Protoss Protoss
  • League: Diamond

VOD

Have the link to the VOD?

Description

Time

  • Played on: Dec. 6, 2015, 7:20 p.m.
  • Length: 7:15
Show
View Real Time Build Order
Export as new Build Order

Mihai Terran - Winner!

Build Orders: Reaper Expand 

Get SALT Encoding   

  12  0:00  SCV  
  13  0:12  SCV  
  14  0:17  Supply Depot  
  14  0:25  SCV  
  14  0:27  Refinery  
  15  0:39  SCV  
  16  0:45  Barracks  
  16  0:51  SCV  
  17  1:03  SCV  
  18  1:12  Refinery  
  18  1:15  SCV  
  18  1:17  Barracks  
  19  1:27  SCV  
  20  1:33  Reaper  
  20  1:36  Supply Depot  
  21  1:48  Orbital Command  
  21  2:03  Factory  
  21  2:05  Barracks Reactor  
  21  2:14  Barracks Reactor  
  21  2:16  SCV  
  22  2:33  SCV  
  22  2:35  Supply Depot  
  23  2:41  Marine x2  
  25  2:47  Factory Tech Lab  
  25  2:49  Starport  
  25  2:51  Marine x2  
  25  2:58  Supply Depot  
  27  3:00  Marine x2  
  29  3:12  Marine x2  
  31  3:17  Siege Tank  
  33  3:20  Marine x2  
  35  3:27  Supply Depot  
  35  3:33  Medivac  
  37  3:36  Marine  
  37  3:38  Marine  
  39  3:41  Marine  
  39  3:43  Marine  
  41  3:52  Siege Tank  
  41  3:55  Marine  
  45  3:57  Marine  
  46  4:03  Medivac  
  46  4:08  Supply Depot  
  48  4:10  Marine  
  48  4:14  Marine  
  48  4:16  Marine  
  51  4:19  Marine  
  52  4:30  Siege Tank  
  55  4:33  Marine x2  
  55  4:37  Marine  
  58  4:41  Medivac  
  60  4:46  Supply Depot  
  60  4:50  Marine  
  60  4:52  Marine  
  62  4:56  Marine  
  63  5:07  Marine  
  61  5:21  Marine x2  
  53  5:25  Marine  
  53  5:27  Marine  
  52  5:32  SCV  
  53  5:39  Marine x2  
  55  5:42  Marine  
  55  5:44  SCV  
  56  5:51  Marine  
  56  5:56  SCV  
  58  6:02  Marine x2  
  59  6:08  SCV  
  60  6:14  Marine x2  
  62  6:20  Marine  
  62  6:21  Marine  
  63  6:32  Marine  
  62  6:37  Marine  
  62  6:38  Marine  
  64  6:44  Marine  
  63  6:49  Marine  
  63  6:55  Marine  
Show
View Real Time Build Order
Export as new Build Order

prozAc Protoss 

Build Orders: 1 Gate Expand 

Get SALT Encoding   

  12  0:01  Probe (Chrono Boost)  
  13  0:11  Probe (Chrono Boost)  
  14  0:21  Pylon  
  14  0:23  Probe (Chrono Boost)  
  15  0:40  Probe (Chrono Boost), Gateway  
  16  0:43  Assimilator  
  16  0:50  Probe (Chrono Boost)  
  17  1:01  Probe (Chrono Boost)  
  19  1:11  Probe (Chrono Boost)  
  19  1:22  Probe (Chrono Boost)  
  20  1:29  Nexus  
  20  1:32  Probe (Chrono Boost)  
  21  1:37  Cybernetics Core  
  21  1:43  Probe (Chrono Boost)  
  21  1:46  Assimilator  
  22  1:51  Pylon  
  22  1:55  Probe (Chrono Boost)  
  23  2:13  Mothership Core (Chrono Boost)  
  25  2:18  Warp Gate (Chrono Boost)  
  25  2:33  Probe (Chrono Boost), Pylon  
  26  2:37  Robotics Facility  
  26  2:44  Pylon  
  26  2:46  Probe  
  26  2:48  Probe  
  28  2:53  Pylon  
  28  2:57  Probe  
  28  3:00  Probe  
  28  3:05  Gateway  
  30  3:08  Gateway  
  30  3:13  Probe  
  30  3:14  Probe  
  32  3:21  Adept  
  34  3:27  Warp Prism (Chrono Boost)  
  34  3:33  Pylon  
  36  3:35  Probe x2  
  38  3:46  Probe  
  38  3:47  Probe  
  40  3:51  Twilight Council  
  40  3:56  Probe  
  40  3:59  Probe  
  40  4:01  Assimilator  
  42  4:05  Assimilator  
  42  4:08  Probe (Chrono Boost)  
  43  4:11  Adept x2  
  43  4:12  Adept  
  49  4:17  Observer  
  49  4:21  Probe x2 (Chrono Boost)  
  52  4:31  Probe (Chrono Boost)  
  52  4:32  Forge  
  52  4:34  Charge  
  53  4:39  Observer  
  56  4:45  Probe x2 (Chrono Boost)  
  56  4:56  Probe x2 (Chrono Boost)  
  56  4:59  Zealot x2  
  62  5:00  Observer, Zealot  
  65  5:10  Gateway  
  65  5:13  Gateway  
  65  5:16  Gateway  
  55  5:29  Mothership Core (Chrono Boost)  
  55  5:30  Stalker  
  55  5:31  Stalker x2  
  57  5:38  Photon Cannon  
  57  5:43  Photon Cannon  
  55  6:02  Pylon  
  55  6:07  Pylon  
  53  6:22  Gateway  
  53  6:23  Gateway  
  50  6:36  Pylon  
Tags
 
Add a new tag
Caveats
  • Supply blocks, unpowered buildings, or Contaminate may cause inaccurate times.
  • Supply counts are checked every 10 seconds.